 Dungeon Crawl Stone Soup version 0.22-a0-265-g0d8bc90 (webtiles) character file.

5 Klosterheim the Digger (level 1, 0/13 HPs)
             Began as a Formicid Earth Elementalist on Mar 7, 2018.
             Slain by a jackal (2 damage)
             ... on level 1 of the Dungeon.
             The game lasted 00:01:16 (412 turns).

Klosterheim the Digger (Formicid Earth Elementalist) Turns: 412, Time: 00:01:16

Health: 0/13       AC:  2    Str: 12    XL:     1   Next: 88%
Magic:  0/3        EV: 12    Int: 14    God:
Gold:   0          SH:  0    Dex: 11    Spells: 3/4 levels left

rFire    . . .     SeeInvis +   e - +0 dagger
rCold    . . .     Gourm    .   (no shield)
rNeg     . . .     Faith    .   c - +0 robe
rPois    .         Spirit   .   (helmet unavailable)
rElec    .         Reflect  .   (no cloak)
rCorr    .         Harm     .   (no gloves)
MR       .....                  (no boots)
Stlth    ++........             (no amulet)
HPRegen  0.04/turn              (no ring)
MPRegen  0.08/turn              (no ring)

@: very slightly contaminated
A: permanent stasis, dig shafts and tunnels, four strong arms, antennae 3
a: Dig, Shaft Self


You were on level 1 of the Dungeon.
You were not hungry.

You visited 1 branch of the dungeon, and saw 1 of its levels.

Inventory:

Hand Weapons
 e - a +0 dagger (weapon)
Missiles
 b - 23 stones (quivered)
Armour
 c - a +0 robe (worn)
Potions
 a - a potion of curing {unknown}
Comestibles
 d - a ration


   Skills:
 + Level 0.2 Fighting
 * Level 0.1 Short Blades
 + Level 1.9 Dodging
 + Level 2.5 Stealth
 + Level 2.2 Spellcasting
   Level 1.1 Transmutations
 * Level 3.8 Earth Magic


You had 3 spell levels left.
You knew the following spells:

 Your Spells              Type           Power        Failure   Level  Hunger
a - Sandblast             Erth           ##....       4%          1    #......


Dungeon Overview and Level Annotations

Branches:
Dungeon (1/15)

Altars:


Innate Abilities, Weirdness & Mutations

You cannot be hasted, slowed, berserked, paralysed or teleported.
You can dig through walls and to a lower floor.
Your four strong arms can wield two-handed weapons with a shield.
You have a pair of large antennae on your head. (SInv)


Message History

The jackal barely misses you. The giant cockroach barely misses you.
The jackal barely misses you. The jackal bites you.
* * * LOW HITPOINT WARNING * * *
The giant cockroach barely misses you. The jackal barely misses you.
The giant cockroach bites you but does no damage.
Casting: Sandblast (safe; 4% risk of failure)
Confirm with . or Enter, or press ? or * to list all spells.
Aiming: Sandblast (safe; 4% risk of failure)
Press: ? - help, Shift-Dir - straight line, f/p - giant cockroach
Aim: a giant cockroach (clinging)
The blast of sand hits the giant cockroach.
The giant cockroach is moderately wounded.
b - 23 stones The jackal barely misses you.
The jackal closely misses you. The giant cockroach closely misses you.
The jackal bites you.
You die...

#...## #....## #.....
###.##..## ##.......
.........## ########.........
..........###.................
..............######..........
..............## #.........#
.....!...####..#####.........#
..............sh@..÷.........#
...............#####.........#
####...........### #.........#
#(♣♣♣♣♣♣♣♣♣...###.........#
...♣......<♣......)........#
###♣.PPPPP♣♣......#.......##
♣.P≈≈≈P........##.....##
♣.P≈8≈P.♣..............#
♣.P≈≈≈P.♣..).##..).....#


You could see a jackal and a giant cockroach.

Vanquished Creatures
  A giant cockroach (D:1)
  A hobgoblin (D:1)
  A jackal (D:1)
  A goblin (D:1)
  A kobold (D:1)
5 creatures vanquished.

Notes
Turn   | Place    | Note
-------+----------+-------------------------------------------
     0 | D:1      | Klosterheim the Formicid Earth Elementalist began the quest for the Orb.
     0 | D:1      | Reached XP level 1. HP: 13/13 MP: 3/3
   412 | D:1      | Slain by a jackal

Vault maps used:
D:1:      tarquinn_simple_flora_water_a

Action                   || total
-------------------------++-------
Melee: Unarmed           ||    21
       Dagger            ||     8
 Cast: Sandblast         ||     7
Armor: Robe              ||     9
Dodge: Dodged            ||    48

Table legend:
 A = Spawn XP
 B = Non-spawn XP
 C = Spawn XP percentage of total XP
 D = Spawn monster count
 E = Non-spawn monster count
 F = Spawn count percentage of total count
 G = Total turns spent on level
                    A         B        C        D         E        F      G
               +---------+---------+-------+---------+---------+-------+---------
         Total |       0 |       8 |   0.0 |       0 |       5 |   0.0 |   412
               +---------+---------+-------+---------+---------+-------+---------
           D:1 |       0 |       8 |   0.0 |       0 |       5 |   0.0 |   412
               +---------+---------+-------+---------+---------+-------+---------
